 Dungeon Crawl Stone Soup version 0.30-a0-241-g1121274140 (webtiles) character file.

Game seed: 14711923549928904266

49 KennySheep the Vexing (level 3, 0/28 HPs)
             Began as a Demigod Hexslinger on Oct 10, 2022.
             Succumbed to a scorpion's poison
             ... on level 3 of the Dungeon.
             The game lasted 00:02:47 (1955 turns).

KennySheep the Vexing (Demigod Hexslinger)          Turns: 1955, Time: 00:02:48

Health: 0/28       AC:  2    Str:  8 (11) XL:     3   Next: 33%
Magic:  6/6        EV: 12    Int: 14 (15) God:
Gold:   34         SH:  0    Dex: 16 (18) Spells: 3/4 levels left

rFire   . . .      SeeInvis .    a - +1 sling
rCold   . . .      Faith    .    (no shield)
rNeg    . . .      Spirit   .    c - +0 robe
rPois   .          Reflect  .    (no helmet)
rElec   .          Harm     .    (no cloak)
rCorr   .          Rampage  .    (no gloves)
Will    .....                    (no boots)
Stlth   ++........               (no amulet)
HPRegen 0.24/turn                (no ring)
MPRegen 0.10/turn                (no ring)

@: brilliant, lethally poisoned (0 -> -15)
A: high MP 1, forlorn, divine attributes
a: no special abilities


You were on level 3 of the Dungeon.
You visited 1 branch of the dungeon, and saw 3 of its levels.

You collected 34 gold pieces.

Inventory:

Hand Weapons
 a - a +1 sling (weapon)
 b - a +0 dagger of venom
Armour
 c - a +0 robe (worn)
Jewellery
 i - a ring of positive energy
Scrolls
 d - a scroll of poison
 g - a scroll of teleportation {unknown}
 k - 3 scrolls of identify {unknown}
 n - a scroll of torment {unknown}
 p - a scroll of magic mapping {unknown}
 q - 2 scrolls of immolation {unknown}
Potions
 e - a potion of degeneration
 f - a potion of brilliance
 h - a potion of heal wounds {unknown}
 j - a potion of mutation {unknown}
 l - a potion of flight {unknown}
 m - a potion of berserk rage {unknown}
 o - 2 potions of curing {unknown}


   Skills:
 + Level 1.2 Fighting
 * Level 2.4 Ranged Weapons
 + Level 2.1 Dodging
 + Level 0.6 Stealth
 - Level 1.0 Spellcasting
 * Level 3.2 Hexes


You had 3 spell levels left.
You knew the following spells:

 Your Spells              Type           Power      Damage    Failure   Level
a - Slow                  Hex            56%        N/A       7%          1

Your spell library contained the following spells:

 Spells                   Type           Power      Damage    Failure   Level
 Static Discharge         Conj/Air       2%         2-3/arc   36%         2
 Inner Flame              Hex/Fire       7%         N/A       38%         3
 Portal Projectile        Hex/Tloc       14%        N/A       38%         3
 Ignite Poison            Fire/Tmut/Pois 1%         N/A       61%         3
 Kindle Blastsparks       Fire/Tloc/Air  2%         2d10      61%         3
 Vhi's Electric Charge    Tloc/Air       2%         N/A       61%         3
 Cause Fear               Hex            7%         N/A       56%         4
 Arcjolt                  Conj/Air       0%         1d10      100%        5
 Freezing Cloud           Conj/Ice/Air   0%         6-21      100%        5
 Lightning Bolt           Conj/Air       0%         1d11      100%        5


Dungeon Overview and Level Annotations

Branches:
Dungeon (3/15)


Innate Abilities, Weirdness & Mutations

You have an increased reservoir of magic. (+10% MP)
You shall have no god before yourself.
Your divine heritage dramatically boosts your attributes as you level up.


Message History

The quokka is moderately wounded.
The quokka closely misses you. The quokka barely misses you.
You shoot a sling bullet. The sling bullet hits the quokka!
You kill the quokka!
You start resting.
HP restored.
Casting: Slow (safe; 6% risk of failure)
Confirm with . or Enter, or press ? or * to list all spells.
Okay, then.
Okay, then.
There is a stone staircase leading up, spattered with blood here.
Found a robe.
q - 2 scrolls labelled KEOTOY QAIHEUS (gained 1)
You see here a +0 robe.
A scorpion comes into view.
You shoot a sling bullet. The sling bullet hits the scorpion.
The scorpion is moderately wounded.
You shoot a sling bullet.
The sling bullet closely misses the scorpion.
The scorpion closely misses you. The scorpion stings you!
You are poisoned.
The scorpion poisons you!
You shoot a sling bullet.
The sling bullet closely misses the scorpion.
You feel very sick. The scorpion stings you.
You are lethally poisoned!
The scorpion poisons you!
It was a potion of degeneration.
There was something very wrong with that liquid.
You feel weakened.
You feel dopey.
You feel clumsy.
* * * LOW HITPOINT WARNING * * *
You feel very sick. The scorpion stings you.
* * * LOW HITPOINT WARNING * * *
The scorpion stings you.
* * * LOW HITPOINT WARNING * * *
It was a potion of brilliance.
You feel clever all of a sudden.
You die...

## ... ....
####.....
#.s.....# #@#
#.# ####.#
#.##.#
#.##.########
#.[.........#
#.##.######.# .#
#.##.#....#.##.#
#.##.#.##.#.##.#


You could see a scorpion.

Vanquished Creatures
  An adder (D:2)
  2 dart slugs
  5 ball pythons
  5 bats
  3 endoplasms
  3 goblins
  A hobgoblin (D:3)
  4 quokkas
  A frilled lizard (D:1)
  5 kobolds
  2 rats (D:2)
32 creatures vanquished.

Notes
Turn   | Place    | Note
-------+----------+-------------------------------------------
     0 | D:1      | KennySheep the Demigod Hexslinger began the quest for the
                  | Orb.
     0 | D:1      | Reached XP level 1. HP: 15/15 MP: 4/4
   151 | D:1      | Reached skill level 1 in Fighting
   386 | D:1      | Reached XP level 2. HP: 23/23 MP: 5/5
   626 | D:1      | Reached skill level 3 in Hexes
  1129 | D:2      | Reached XP level 3. HP: 8/28 MP: 6/6
  1950 | D:3      | Noticed a scorpion
  1955 | D:3      | Succumbed to a scorpion's poison

Illustrated notes

Levels and vault maps discovered:
D:1:      roderic_chinese_lattice_arrival, layout_loops_ring,
          hellmonk_ecumenical_altar_heavens_door, chequers_serial_rivers_room_b
D:2:      layout_basic, serial_aquarium, aquarium_bridge_square
          [aquarium_subvault_window, aquarium_subvault_bridge,
          aquarium_subvault_wall, aquarium_subvault_bridge],
          aquarium_window_fake, aquarium_window_1, aquarium_view_2b,
          aquarium_balcony_1a, aquarium_pool_1
D:3:      layout_basic

Skill      XL: |  1  2 |
---------------+-------+-----
Fighting       | 1 |  1.2
Ranged Weapons | 2 |  2.4
Dodging        | 2 |  2.1
Hexes          | 3 |  3.2
Stealth        | |  0.6
Spellcasting   | |  1.0

Action                   || total
-------------------------++-------
Melee: Dagger            ||     8
 Fire: Sling             ||    96
 Cast: Slow              ||     6
  Use: Potion            ||     2
Armor: Robe              ||    12
Dodge: Dodged            ||    49

Table legend: (Time is in decaauts)
 A = Elapsed time spent in this place.
 B = Non-inter-level travel time spent in this place.
 C = Inter-level travel time spent in this place.
 D = Time resting spent in this place.
 E = Time spent auto-exploring this place.
 F = Levels seen in this place.
 G = Mean time per level.
                   A        B        C        D        E       F      G
               +--------+--------+--------+--------+--------+-----+--------+
         Total |   1981 |   1888 |     93 |    174 |   1493 |   3 |  660.3 |
       Dungeon |   1981 |   1888 |     93 |    174 |   1493 |   3 |  660.3 |
               +--------+--------+--------+--------+--------+-----+--------+

Top non-repeatable levels by time:
     D:2: 1104 daAuts
     D:1: 726 daAuts
     D:3: 150 daAuts
